[Event "12th National Schools-ch 2024"]
[Site "Gyan Bhawan Patna"]
[Date "2024.02.07"]
[Round "3.4"]
[White "Andalamala Hemal Varshan"]
[Black "Advik Praveen"]
[Result "1-0"]
[ECO "C42"]
[WhiteElo "1578"]
[BlackElo "1314"]
[Annotator "NA RC"]
[PlyCount "37"]
[EventDate "2024.02.05"]
[EventCountry "IND"]
[SourceTitle "playchess.com"]
[Source "ChessBase"]
[SourceQuality "1"]
[TimeControl "5400+30"]

1. e4 e5 2. Nf3 Nf6 3. Nc3 Bb4 4. Nxe5 d6 5. Nf3 Bxc3 6. dxc3 Nxe4 7. Bd3 Nf6 8. O-O O-O 9. h3 h6 10. Bf4 Nc6 11. Qd2 Be6 12. Rfe1 Re8 13. Bxh6 gxh6 14. Qxh6 Nd5 15. Bh7+ Kh8 16. Rxe6 Qd7 17. Bg6+ Kg8 18. Qh7+ Kf8 19. Qh8# 1-0

[Event "12th National Schools-ch 2024"]
[Site "Gyan Bhawan Patna"]
[Date "2024.02.07"]
[Round "3.5"]
[White "Maitreyi Mondal"]
[Black "Nivedita V C"]
[Result "0-1"]
[ECO "A45"]
[WhiteElo "1399"]
[BlackElo "1609"]
[Annotator "NA RC"]
[PlyCount "96"]
[EventDate "2024.02.05"]
[EventCountry "IND"]
[SourceTitle "playchess.com"]
[Source "ChessBase"]
[SourceQuality "1"]
[TimeControl "5400+30"]

1. d4 Nf6 2. Bg5 d5 3. e3 c5 4. c3 e6 5. Bd3 Be7 6. Nd2 O-O 7. f4 Nc6 8. Ne2 Ng4 9. Bxe7 Qxe7 10. Nf1 cxd4 11. exd4 f5 12. Neg3 Bd7 13. Nd2 g5 14. h3 Ne3 15. Qe2 gxf4 16. Ngf1 Qh4+ 17. Qf2 Nxg2+ 18. Ke2 Qxf2+ 19. Kxf2 Nh4 20. Bb5 a6 21. Bxc6 Bxc6 22. Nh2 Kf7 23. Nhf3 Nxf3 24. Nxf3 Rg8 25. Ne5+ Kf6 26. Rhg1 h5 27. h4 Rg4 28. Nxg4+ hxg4 29. Rae1 Bb5 30. Rd1 g3+ 31. Kf3 Rg8 32. Rd2 Rg4 33. Rh1 Kg6 34. h5+ Kh6 35. b3 Be8 36. Rdd1 Bxh5 37. Rde1 Rg6+ 38. Kxf4 Rg4+ 39. Kf3 f4 40. Kg2 Rg6 41. Re5 f3+ 42. Kg1 Rg5 43. Rxe6+ Kg7 44. Re5 Rxe5 45. dxe5 Bg6 46. a3 Be4 47. Rh3 f2+ 48. Kf1 Bd3+ 0-1

[Event "12th National Schools-ch 2024"]
[Site "Gyan Bhawan Patna"]
[Date "2024.02.07"]
[Round "3.6"]
[White "Darsh Ilwadi"]
[Black "Nimay Agrawal"]
[Result "0-1"]
[ECO "B82"]
[WhiteElo "1373"]
[BlackElo "2067"]
[Annotator "TA"]
[PlyCount "108"]
[EventDate "2024.02.05"]
[EventCountry "IND"]
[SourceTitle "playchess.com"]
[Source "ChessBase"]
[SourceQuality "1"]
[TimeControl "5400+30"]

1. e4 c5 2. Nf3 e6 3. d4 cxd4 4. Nxd4 a6 5. f4 d6 6. Bd3 Nf6 7. Nc3 Qc7 8. Nf3 Nc6 9. O-O Be7 10. Kh1 b5 11. a3 (11. e5 $14 {is more appropriate.} dxe5 12. fxe5) 11... O-O $11 12. Qe1 e5 (12... b4 $11 13. axb4 Nxb4) 13. Bd2 Be6 (13... exf4 $14 14. Bxf4 (14. Nd5 Nxd5 15. exd5 Ne5 $11) 14... Ne5) 14. f5 $18 Bc8 (14... Bc4 $16 {was necessary.}) 15. Qg3 (15. g4 $1 $18) 15... Kh8 16. Ng5 ({Don't take} 16. Nd5 Qd8 $16) (16. Qh3 $16) 16... Nd4 17. Qh3 Bb7 {[%emt 0:02:57] Inhibits Nd5.} 18. Be3 (18. Nd5 $1 $16 Bxd5 19. exd5) 18... Kg8 19. Rae1 Qc8 {[%emt 0:06:00] [#]} (19... Rfe8 $14) 20. Bxd4 ({Better is} 20. Nd5 $1 $16 {[%cal Rd5f6] White wants to mate with Nxf6+.} Bxd5 21. exd5) 20... exd4 $11 21. Ne2 h6 22. Nf3 Bxe4 23. Bxe4 Nxe4 24. Nexd4 d5 25. c3 Bf6 {[%emt 0:01:00] Inhibits Ne5.} 26. Rd1 (26. g4 $15) 26... Qc4 $17 {[%emt 0:01:19] Black is more active.} 27. Qg4 $2 {[%emt 0:00:00] [#] This move loses the game for White.} (27. g4 $17) 27... Qa2 $1 $19 28. Rb1 {[%emt 0:00:00] [#]} (28. Nd2) 28... Qxb1 $3 29. Rxb1 (29. Qxg7+ Kxg7) 29... Nf2+ 30. Kg1 Nxg4 31. Re1 Rfe8 32. Rxe8+ Rxe8 33. h3 Bxd4+ 34. cxd4 Ne3 35. Kf2 Nxf5 36. g4 Nd6 37. b3 Rc8 {[%emt 0:00:14] White must now prevent ...Rc2+.} 38. Ne5 Rc3 39. a4 Rxb3 40. axb5 Nxb5 41. Nc6 {[%emt 0:00:00] Against a5} Rxh3 {[%emt 0:00:18] aiming for ...Ra3.} 42. Nb4 a5 {[%emt 0:00:08] Black mates.} 43. Nxd5 a4 44. Ne7+ Kf8 45. Nc6 a3 46. Nb4 Rb3 47. d5 Rxb4 48. d6 Nxd6 49. g5 hxg5 50. Kf3 a2 51. Ke3 a1=Q 52. Kd3 Rb3+ 53. Kc2 Qa2+ 54. Kd1 Rb1# {[%emt 0:00:04] Weighted Error Value: White=0.72/Black=0.24 (precise) .  Loses game:     	White=1     	---        Mistake:       	White=7     	Black=4      Inaccurate:     	White=2     	Black=2      OK:         	White=3     	Black=4      Best:        	White=1     	Black=2      Strong:       	---       	Black=1} 0-1

[Event "12th National Schools-ch 2024"]
[Site "Gyan Bhawan Patna"]
[Date "2024.02.07"]
[Round "3.7"]
[White "Aadya Gupta"]
[Black "Durga Karthika Lellapalli"]
[Result "1-0"]
[ECO "E00"]
[WhiteElo "1544"]
[BlackElo "1382"]
[Annotator "NA RC"]
[PlyCount "73"]
[EventDate "2024.02.05"]
[EventCountry "IND"]
[SourceTitle "playchess.com"]
[Source "ChessBase"]
[SourceQuality "1"]
[TimeControl "5400+30"]

1. d4 Nf6 2. c4 e6 3. a3 c5 4. d5 d6 5. Nc3 e5 6. e4 g6 7. g3 Bg7 8. Bg2 O-O 9. Nge2 Ne8 10. O-O f5 11. f4 Nd7 12. Kh1 Kh8 13. Qc2 Nb6 14. fxe5 Bxe5 15. Bh6 Ng7 16. Qd3 Re8 17. Bf4 fxe4 18. Bxe4 Bf5 19. Rae1 Qd7 20. Bxf5 Nxf5 21. Bxe5+ Rxe5 22. Nf4 Rae8 23. Ne6 Rxe1 24. Rxe1 Nd4 25. Qf1 Qe7 26. Ne4 Nxe6 27. Nf6 Rf8 28. Rxe6 Qd8 29. Qe2 Nc8 30. Qe3 Qc7 31. g4 Qg7 32. g5 Rf7 33. Re8+ Rf8 34. Qe6 h6 35. gxh6 Qxh6 36. Qg8+ Rxg8 37. Rxg8# 1-0

[Event "12th National Schools-ch 2024"]
[Site "Gyan Bhawan Patna"]
[Date "2024.02.07"]
[Round "3.8"]
[White "Vivaan Sachdev"]
[Black "Sadbhav Rautela"]
[Result "1-0"]
[ECO "C54"]
[WhiteElo "1516"]
[BlackElo "1949"]
[Annotator "TA"]
[PlyCount "67"]
[EventDate "2024.02.05"]
[EventCountry "IND"]
[SourceTitle "playchess.com"]
[Source "ChessBase"]
[SourceQuality "1"]
[TimeControl "5400+30"]

1. e4 e5 2. Nf3 Nc6 3. Bc4 Bc5 4. c3 Nf6 5. d3 d6 6. O-O h6 7. Nbd2 (7. b4 $5 Bb6 $8 8. a4 $16) 7... a5 8. Bb3 O-O 9. h3 Be6 {[%emt 0:00:16] The position is equal.} 10. Re1 Re8 11. Ba4 Ba7 12. Nf1 Rb8 13. d4 exd4 14. cxd4 {[%emt 0:00:53] d5 is the strong threat.} d5 15. e5 Ne4 16. Ng3 Nxg3 17. fxg3 Bf5 {[%emt 0:06:00] [#] Strongly threatening ...b5.} 18. Be3 Qd7 19. a3 Be4 {[%emt 0:08:58] aiming for ...b5.} 20. Kh2 (20. Bb5 $142) 20... b5 $11 21. Bc2 a4 22. Rc1 Bb6 (22... Na5 $5) 23. Bf2 Bxc2 24. Qxc2 Na5 25. g4 Rbc8 26. g5 Nb3 (26... Re6 $11) 27. gxh6 $14 Nxc1 $2 {[%emt 0:01:52][%mdl 8192] Loses the game.} (27... gxh6 $16 {is tougher.} 28. Rcd1 c5) 28. Ng5 $18 (28. Rxc1 gxh6 29. Kh1 b4 $11) (28. Qxc1 Qf5 $16) 28... g6 29. e6 ({Not} 29. Qxc1 c6 $16) (29. Rxc1 c5 $16) 29... Rxe6 30. Rxe6 (30. Qxc1 $2 {loses.} Rxe1 31. h7+ Kg7 32. Qxe1 Re8 $19) ({Stronger than} 30. Nxe6 Re8 $11) 30... Rf8 {[%emt 0:01:49] Black is weak on the dark squares} 31. Rxb6 cxb6 32. Qxc1 Qf5 33. Bg3 f6 {[%emt 0:01:17] [#] Prevents Be5} 34. Qc7 $1 {Weighted Error Value: White=0.08 (flawless) /Black=0.46.  Loses game:     	---       	Black=1      Mistake:       	White=1     	Black=1      Inaccurate:     	White=2     	---        OK:         	White=11    	Black=9      Best:        	White=2     	Black=2} 1-0

[Event "12th National Schools-ch 2024"]
[Site "Gyan Bhawan Patna"]
[Date "2024.02.07"]
[Round "3.9"]
[White "Arshiya Das"]
[Black "Rajanya Datta"]
[Result "1/2-1/2"]
[ECO "C68"]
[WhiteElo "1667"]
[BlackElo "1660"]
[Annotator "NA"]
[PlyCount "260"]
[EventDate "2024.02.05"]
[EventCountry "IND"]
[SourceTitle "playchess.com"]
[Source "ChessBase"]
[SourceQuality "1"]
[TimeControl "5400+30"]

1. e4 e5 2. Nf3 Nc6 3. Bb5 a6 4. Bxc6 dxc6 5. O-O Bd6 6. d4 exd4 7. Qxd4 f6 8. Nbd2 Be6 9. Re1 Ne7 10. c3 O-O 11. Nf1 Ng6 12. Qd1 c5 13. Qc2 Qd7 14. Bd2 Kh8 15. Kh1 Rae8 16. b3 c6 17. Ne3 Bb8 18. Nf1 f5 19. Ng5 fxe4 20. Nxe4 Bf5 21. f3 Qd8 22. Re2 Nf4 23. Bxf4 Bxf4 24. Rae1 Bg6 25. Qb2 Qd5 26. Nf2 Rxe2 27. Qxe2 Qh5 28. Nh3 Bb8 29. Rd1 Re8 30. Qf2 Qe5 31. c4 h6 32. Ng1 b5 33. g3 Bc7 34. Kg2 Ba5 35. Kh1 Bb4 36. a4 Qc3 37. Rd6 Kh7 38. axb5 cxb5 39. Rxa6 bxc4 40. bxc4 Qxc4 41. Ra7 Bd3 42. Ne3 Qd4 43. Ng4 Qxf2 44. Nxf2 c4 45. Rd7 Re7 46. Rd8 Bg6 47. Rc8 c3 48. h4 c2 49. Ne4 Ba3 50. Ne2 Rxe4 51. fxe4 Bxe4+ 52. Kg1 Bd3 53. Rc3 Bxe2 54. Rxc2 Bg4 55. Kg2 Kg6 56. Rc6+ Kf5 57. Rc4 Bd6 58. Rd4 Be5 59. Rb4 Be2 60. Kf2 Bd1 61. Rb1 Bc2 62. Rb4 Bd1 63. Rb1 Bd4+ 64. Kg2 Be2 65. Re1 Bb5 66. Rd1 Bc6+ 67. Kh3 Be5 68. Rf1+ Kg6 69. Re1 Bd7+ 70. Kg2 Kf5 71. Kh3 Bb5 72. Rb1 Be2 73. Re1 Ba6 74. Rb1 g5 75. hxg5 hxg5 76. Re1 Bd3 77. Rd1 Be2 78. Re1 Bf3 79. Re3 g4+ 80. Kh2 Ke6 81. Re1 Kd5 82. Rb1 Ke4 83. Re1+ Kd4 84. Ra1 Kd3 85. Rb1 Ke2 86. Rg1 Bc3 87. Rc1 Be5 88. Rb1 Kf2 89. Rf1+ Ke3 90. Rf2 Bd6 91. Rb2 Be2 92. Kg2 Bd3 93. Ra2 Be4+ 94. Kh2 Kf3 95. Rf2+ Ke3 96. Rb2 Bc5 97. Ra2 Kf3 98. Rb2 Bg6 99. Rb3+ Kf2 100. Rc3 Be3 101. Ra3 Bf7 102. Rc3 Be6 103. Rc6 Bb3 104. Rf6+ Ke2 105. Rg6 Kf3 106. Rf6+ Ke4 107. Rf1 Bc4 108. Rf6 Be2 109. Rf8 Kd3 110. Kg2 Bc5 111. Rf6 Bd4 112. Rf8 Ke4 113. Re8+ Be5 114. Kh2 Kd4 115. Rd8+ Ke4 116. Re8 Bb5 117. Rg8 Kf3 118. Rf8+ Ke3 119. Rg8 Bd7 120. Rd8 Bc6 121. Rg8 Bf3 122. Re8 Kd4 123. Rd8+ Kc3 124. Rc8+ Kd3 125. Rd8+ Bd4 126. Rd7 Ke3 127. Rd8 Bc5 128. Rc8 Bb4 129. Rb8 Be1 130. Rb2 Bd2 1/2-1/2

[Event "12th National Schools-ch 2024"]
[Site "Gyan Bhawan Patna"]
[Date "2024.02.07"]
[Round "3.10"]
[White "Gadhavi Veerbhadrasinh"]
[Black "Daksh Goyal"]
[Result "1-0"]
[ECO "C42"]
[WhiteElo "1651"]
[BlackElo "1853"]
[Annotator "NA RC"]
[PlyCount "55"]
[EventDate "2024.02.05"]
[EventCountry "IND"]
[SourceTitle "playchess.com"]
[Source "ChessBase"]
[SourceQuality "1"]
[TimeControl "5400+30"]

1. e4 e5 2. Bc4 Nf6 3. Nc3 Bb4 4. Nf3 O-O 5. d3 c6 6. a3 {[%emt 0:05:51] C42: Petroff Defence: 3 Nxe5 and unusual White 3rd moves.} (6. O-O $11) 6... Be7 (6... Bxc3+ $142 7. bxc3 d5 8. exd5 cxd5) 7. Nxe5 d5 8. Bb3 (8. Ba2 $5) 8... d4 9. Nxf7 $1 Rxf7 10. Ne2 c5 11. O-O Qb6 12. Bxf7+ Kxf7 13. f4 Nc6 14. Ng3 Kg8 15. e5 $1 Ng4 16. Qf3 Ne3 17. Bxe3 dxe3 18. c3 Qxb2 19. Rac1 Qd2 ({Much worse is} 19... Qxa3 20. Qd5+ Kh8 21. f5 $16) (19... Be6 $11 {remains equal.}) 20. Qd5+ Kh8 21. Ne4 Qe2 22. f5 Qh5 23. Ng3 Qe8 24. Rce1 Qd8 25. Qe4 Bg5 26. f6 gxf6 27. exf6 Bxf6 {[%emt 0:00:25] [#]} 28. Rxf6 $18 1-0

[Event "12th National Schools-ch 2024"]
[Site "Gyan Bhawan Patna"]
[Date "2024.02.07"]
[Round "4.1"]
[White "Kiyana Parihar"]
[Black "Amaya Roy"]
[Result "1-0"]
[ECO "B73"]
[WhiteElo "1341"]
[BlackElo "1066"]
[Annotator "NA RC"]
[PlyCount "61"]
[EventDate "2024.02.05"]
[EventCountry "IND"]
[SourceTitle "playchess.com"]
[Source "ChessBase"]
[SourceQuality "1"]
[TimeControl "5400+30"]

1. e4 c5 2. Nf3 g6 3. d4 cxd4 4. Nxd4 Bg7 5. Nc3 Nc6 6. Be3 d6 7. Be2 Nf6 8. O-O O-O 9. Qd2 Nxd4 10. Bxd4 Be6 11. f4 a6 12. Bf3 Qc7 13. a4 a5 14. Nb5 Qd7 15. Rfe1 Bc4 16. Nc3 e5 17. fxe5 dxe5 18. Be3 Qxd2 19. Bxd2 Rfd8 20. Be3 h5 21. Red1 Be6 22. Kf1 Bg4 23. Ke2 Bxf3+ 24. gxf3 Kf8 25. Bc5+ Ke8 26. Nb5 Rac8 27. Nd6+ Kd7 28. Nxf7+ Kc7 29. Nxd8 Rxd8 30. Bb6+ Kxb6 31. Rxd8 1-0

[Event "12th National Schools-ch 2024"]
[Site "Gyan Bhawan Patna"]
[Date "2024.02.07"]
[Round "4.2"]
[White "Sidhant Rana"]
[Black "Aarit Kapil"]
[Result "0-1"]
[ECO "B92"]
[WhiteElo "1351"]
[BlackElo "1494"]
[Annotator "NA RC"]
[PlyCount "68"]
[EventDate "2024.02.05"]
[EventCountry "IND"]
[SourceTitle "playchess.com"]
[Source "ChessBase"]
[SourceQuality "1"]
[TimeControl "5400+30"]

1. e4 c5 2. Nf3 d6 3. d4 cxd4 4. Nxd4 Nf6 5. Nc3 g6 6. Be2 Bg7 7. Be3 a6 8. O-O Nbd7 9. Kh1 b5 10. f4 Bb7 11. Bf3 Qc7 12. a3 O-O 13. Qe2 e5 14. Nb3 Nb6 15. Na5 Nc4 16. Nxc4 bxc4 17. Rad1 Rab8 18. Na4 Bxe4 19. Bxe4 Nxe4 20. Nb6 c3 21. Nd5 Qb7 22. bxc3 f5 23. Qc4 Kh8 24. fxe5 dxe5 25. Nb6 Rfd8 26. a4 f4 27. Rxd8+ Rxd8 28. Bc5 Nd2 29. Rd1 f3 30. Qf1 Qc7 31. Qf2 fxg2+ 32. Kxg2 Qc6+ 33. Kg1 Nf3+ 34. Qxf3 Rxd1+ 0-1

[Event "12th National Schools-ch 2024"]
[Site "Gyan Bhawan Patna"]
[Date "2024.02.07"]
[Round "4.3"]
[White "Pal Vedika"]
[Black "Aaradhya Das"]
[Result "1-0"]
[ECO "B15"]
[WhiteElo "1539"]
[BlackElo "1406"]
[Annotator "NA RC"]
[PlyCount "129"]
[EventDate "2024.02.05"]
[EventCountry "IND"]
[SourceTitle "playchess.com"]
[Source "ChessBase"]
[SourceQuality "1"]
[TimeControl "5400+30"]

1. e4 c6 2. d4 d5 3. Nc3 dxe4 4. Nxe4 Nf6 5. Nxf6+ exf6 6. c3 Bd6 7. Bd3 Qc7 8. h3 O-O 9. Ne2 Be6 10. O-O Nd7 11. Qc2 h6 12. c4 b6 13. Rd1 Rfe8 14. Be3 a5 15. d5 Bxh3 16. gxh3 c5 17. Be4 Ne5 18. Bg2 Re7 19. Ng3 Rae8 20. Nf5 Rd7 21. Nxd6 Qxd6 22. Rac1 Ng6 23. Qa4 Red8 24. a3 f5 25. Qc2 f4 26. Bd2 Qf6 27. Bc3 Qg5 28. f3 Nh4 29. Qf2 Rd6 30. Kh2 Rg6 31. Rg1 Re8 32. Rce1 Rxe1 33. Bxe1 Nf5 34. Bf1 Ng3 35. Bd3 f5 36. Qg2 Qh5 37. d6 Kf7 38. Bxg3 fxg3+ 39. Kh1 Qg5 40. f4 Qd8 41. Qd5+ Kf8 42. Qxf5+ Rf6 43. Qe5 Rxd6 44. Rxg3 Rxd3 45. Qf5+ Kg8 46. Qxd3 Qxd3 47. Rxd3 Kf7 48. Rd6 g5 49. fxg5 hxg5 50. Rxb6 Kg7 51. Rc6 Kf7 52. Rxc5 Kf6 53. Rxa5 Kg6 54. h4 gxh4 55. Rd5 h3 56. c5 Kf6 57. c6 Ke6 58. Rd2 Ke7 59. c7 Ke6 60. c8=Q+ Ke5 61. Qc5+ Ke4 62. Rd4+ Kf3 63. Qc3+ Kf2 64. Rd2+ Kf1 65. Qc1# 1-0

[Event "12th National Schools-ch 2024"]
[Site "Gyan Bhawan Patna"]
[Date "2024.02.07"]
[Round "4.4"]
[White "Eshwar Veerappan Aiyappan"]
[Black "Andalamala Hemal Varshan"]
[Result "0-1"]
[ECO "B23"]
[WhiteElo "1304"]
[BlackElo "1578"]
[Annotator "NA RC"]
[PlyCount "92"]
[EventDate "2024.02.05"]
[EventCountry "IND"]
[SourceTitle "playchess.com"]
[Source "ChessBase"]
[SourceQuality "1"]
[TimeControl "5400+30"]

1. e4 c5 2. Nc3 g6 3. f4 Bg7 4. Nf3 Nc6 5. Bc4 e6 6. f5 Nge7 7. fxe6 fxe6 8. d3 d5 9. Bb3 O-O 10. O-O Na5 11. Bg5 d4 12. Ne2 Nxb3 13. axb3 e5 14. Qd2 Qd6 15. Bh6 Bg4 16. Bxg7 Kxg7 17. Qg5 Bxf3 18. gxf3 h6 19. Qg3 g5 20. h4 Kh7 21. Kh2 Rg8 22. Rg1 a6 23. hxg5 hxg5 24. Kg2 Ng6 25. Kf2 Nh4 26. Qg4 Raf8 27. Rg3 Rg6 28. Rh1 Kg7 29. Qh5 Rh8 30. Qg4 Rf8 31. Qh5 Rh8 32. Qg4 b5 33. Ng1 c4 34. bxc4 bxc4 35. Nh3 Qb4 36. Qd7+ Kh6 37. Re1 Rf8 38. Nxg5 Rxg5 39. c3 Qxb2+ 40. Re2 Rxf3+ 41. Kg1 Rgxg3+ 42. Kh1 Rf1+ 43. Kh2 Qxe2+ 44. Kxg3 Qg2+ 45. Kxh4 Rf4+ 46. Qg4 Qh2# 0-1

[Event "12th National Schools-ch 2024"]
[Site "Gyan Bhawan Patna"]
[Date "2024.02.07"]
[Round "4.5"]
[White "Nivedita V C"]
[Black "Rudra Rajeev"]
[Result "1-0"]
[ECO "E01"]
[WhiteElo "1609"]
[BlackElo "1310"]
[Annotator "NA RC"]
[PlyCount "63"]
[EventDate "2024.02.05"]
[EventCountry "IND"]
[SourceTitle "playchess.com"]
[Source "ChessBase"]
[SourceQuality "1"]
[TimeControl "5400+30"]

1. d4 d5 2. c4 c6 3. Nc3 Nf6 4. Nf3 e6 5. g3 Bd6 6. Bg2 O-O 7. O-O Nbd7 8. Nd2 Bc7 9. e4 dxe4 10. Ndxe4 e5 11. d5 cxd5 12. cxd5 Nxe4 13. Nxe4 f5 14. Ng5 Nf6 15. Qb3 Qd6 16. Ne6 Bxe6 17. dxe6 Rfe8 18. Qxb7 Rab8 19. Qxa7 Bb6 20. Qf7+ Kh8 21. Bh6 gxh6 22. Qxf6+ Kg8 23. Qxf5 Rxe6 24. Rfd1 Bd4 25. Rxd4 exd4 26. Bd5 Rbe8 27. Re1 Kg7 28. Rxe6 Rxe6 29. Qxe6 Qxe6 30. Bxe6 d3 31. Kf1 d2 32. Ke2 1-0

[Event "12th National Schools-ch 2024"]
[Site "Gyan Bhawan Patna"]
[Date "2024.02.07"]
[Round "4.6"]
[White "Nimay Agrawal"]
[Black "Angsh Das"]
[Result "1-0"]
[ECO "C54"]
[WhiteElo "2067"]
[BlackElo "1299"]
[Annotator "TA"]
[PlyCount "74"]
[EventDate "2024.02.05"]
[EventCountry "IND"]
[SourceTitle "playchess.com"]
[Source "ChessBase"]
[SourceQuality "1"]
[TimeControl "5400+30"]

1. e4 e5 2. Nf3 Nc6 3. Bc4 Bc5 4. c3 Nf6 5. d3 d6 6. Bb3 Bg4 7. h3 Bh5 8. Nbd2 h6 9. Qe2 {[%emt 0:05:43] White has an edge.} Qe7 10. Nf1 a5 11. a4 Rd8 (11... Bg6 $11) 12. g4 Bg6 13. Ng3 Kd7 14. Bd2 Rhe8 (14... Kc8 $11 {keeps the balance.}) 15. Nf5 (15. g5 $16) 15... Bxf5 16. gxf5 Kc8 17. O-O-O d5 18. Rdg1 dxe4 19. dxe4 Rg8 20. Rg2 Bb6 21. Rhg1 Qf8 22. Nh2 Rd6 ({Avoid the trap} 22... Rxd2 $2 23. Kxd2 g6 24. fxg6 Rxg6 25. Rxg6 fxg6 26. Rxg6 $18) 23. Be3 (23. Bc2 $16) 23... Nd7 (23... Bxe3+ $11 {remains equal.} 24. Qxe3 Nh5) 24. Qc4 (24. Ng4 $16 {[%cal Og4h6] Black must now prevent Nxh6!} Bxe3+ 25. Nxe3) 24... Bxe3+ $14 25. fxe3 Nd8 26. Ba2 ({White should play} 26. Nf3 $14) 26... Rc6 (26... g5 $11) 27. Qb5 Nc5 ({Better is} 27... Rc5 $14 28. Qd3 Rc6) 28. Nf3 $36 {[%emt 0:04:18][%mdl 2048] Black is under strong pressure.} Rb6 29. Qc4 Nd7 30. Qd5 Rd6 31. Qxa5 Ra6 32. Qb5 c6 33. Qb3 {[%emt 0:01:03] White is much more active.} Nc5 {[%emt 0:00:22] [#]} (33... Qc5 $142) 34. Qc2 $1 Nxa4 35. Nxe5 Qc5 (35... Qe7 $16 36. Nf3 (36. Rxg7 $2 {loses.} Rxg7 37. Rxg7 Qxe5 $19) 36... Nc5) 36. Nxf7 $18 (36. Bxf7 Rf8 37. Bc4 b5 $11) 36... Qxe3+ (36... Nxf7 {was necessary.} 37. Bxf7 Rd8) 37. Qd2 Qxd2+ {[%emt 0:01:13] Weighted Error Value: White=0.16 (very precise) /Black=0.36.  Mistake:       	White=4     	Black=8      Inaccurate:     	White=1     	Black=1      OK:         	White=12    	Black=13     Best:        	White=3     	Black=1} 1-0

[Event "12th National Schools-ch 2024"]
[Site "Gyan Bhawan Patna"]
[Date "2024.02.07"]
[Round "4.7"]
[White "Asudani Ruhani Raj"]
[Black "Aadya Gupta"]
[Result "0-1"]
[ECO "D10"]
[WhiteElo "1420"]
[BlackElo "1544"]
[Annotator "NA RC"]
[PlyCount "102"]
[EventDate "2024.02.05"]
[EventCountry "IND"]
[SourceTitle "playchess.com"]
[Source "ChessBase"]
[SourceQuality "1"]
[TimeControl "5400+30"]

1. d4 d5 2. c4 c6 3. cxd5 cxd5 4. Bf4 Nc6 5. e3 Bf5 6. Nc3 Nf6 7. Qb3 Na5 8. Qa4+ Bd7 9. Bb5 Nc6 10. Qb3 e6 11. Nf3 Be7 12. O-O O-O 13. Na4 Na5 14. Qd3 Nc4 15. Bxd7 Qxd7 16. b3 Rfc8 17. bxc4 Qxa4 18. c5 b6 19. cxb6 axb6 20. h3 Ne4 21. Qb3 b5 22. Rac1 Rc4 23. Rxc4 dxc4 24. Qb2 c3 25. Qe2 Ba3 26. Ne5 c2 27. Nd3 Nc3 28. Qg4 f5 29. Qh5 Qc4 30. Qf3 Ne4 31. Qe2 Qxa2 32. f3 Nc3 33. Qe1 Qc4 34. Qd2 c1=Q 35. Rxc1 Bxc1 36. Nxc1 Ra1 37. Kh2 b4 38. Nd3 Rd1 39. Nb2 Rxd2 40. Nxc4 Ra2 41. Be5 b3 42. d5 exd5 43. Bxc3 dxc4 44. e4 fxe4 45. fxe4 b2 46. Bxb2 Rxb2 47. e5 c3 48. e6 c2 49. e7 Kf7 50. e8=Q+ Kxe8 51. h4 c1=Q 0-1

[Event "12th National Schools-ch 2024"]
[Site "Gyan Bhawan Patna"]
[Date "2024.02.07"]
[Round "4.8"]
[White "Shreyas Raj"]
[Black "Arnav Agrawal"]
[Result "0-1"]
[ECO "B06"]
[WhiteElo "1644"]
[BlackElo "1610"]
[Annotator "NA RC"]
[PlyCount "106"]
[EventDate "2024.02.05"]
[EventCountry "IND"]
[SourceTitle "playchess.com"]
[Source "ChessBase"]
[SourceQuality "1"]
[TimeControl "5400+30"]

1. e4 c5 2. c3 d5 3. exd5 Qxd5 4. d4 g6 5. Nf3 Bg7 6. Na3 cxd4 7. Nb5 Qd8 8. Bf4 Na6 9. Nbxd4 Nf6 10. Bxa6 bxa6 11. Qa4+ Nd7 12. O-O Qb6 13. Rfe1 O-O 14. Nc6 Nc5 15. Nxe7+ Kh8 16. Qc2 Bb7 17. Rad1 Rad8 18. Ne5 Rxd1 19. Rxd1 Qe6 20. Re1 Qf6 21. Bg3 h5 22. c4 Kh7 23. Nd5 Qd8 24. Rd1 h4 25. Bf4 Ne6 26. Qe4 f5 27. Qf3 Nxf4 28. Qxf4 g5 29. Qd4 Re8 30. Nf7 Qa5 31. b4 Bxd4 32. bxa5 Bxd5 33. cxd5 Kg6 34. Kf1 Bc5 35. Rc1 Bb4 36. Rb1 Bxa5 37. Nd6 Rd8 38. Nc4 Rxd5 39. Rb7 Rd1+ 40. Ke2 Ra1 41. Rb2 Bc3 42. Rc2 Bf6 43. Ne3 a5 44. Nd5 Be5 45. f4 gxf4 46. Kf3 Kg5 47. Rc8 Rxa2 48. Rg8+ Kh6 49. Ne7 Kh7 50. Rg5 Ra3+ 51. Ke2 Bf6 52. Rxf5 Re3+ 53. Kf2 Bxe7 0-1

[Event "12th National Schools-ch 2024"]
[Site "Gyan Bhawan Patna"]
[Date "2024.02.07"]
[Round "4.9"]
[White "Anupam M Sreekumar"]
[Black "Sindhusree K"]
[Result "1/2-1/2"]
[ECO "B92"]
[WhiteElo "1642"]
[BlackElo "1445"]
[Annotator "NA RC"]
[PlyCount "80"]
[EventDate "2024.02.05"]
[EventCountry "IND"]
[SourceTitle "playchess.com"]
[Source "ChessBase"]
[SourceQuality "1"]
[TimeControl "5400+30"]

1. e4 c5 2. Nf3 d6 3. d4 cxd4 4. Nxd4 Nf6 5. Nc3 a6 6. f3 e5 7. Nb3 Be7 8. Be3 Be6 9. Be2 Nbd7 10. O-O O-O 11. a4 Qc7 12. a5 Rac8 13. Qd2 Qc6 14. Rfd1 Rfd8 15. Nc1 Qc7 16. N1a2 Qxa5 17. Kh1 Kh8 18. g4 Nf8 19. h4 d5 20. Nxd5 Qxd2 21. Bxd2 Nxd5 22. exd5 Rxd5 23. Nc3 Rd7 24. h5 Rcd8 25. Bd3 Bb4 26. Re1 f6 27. h6 Bc4 28. hxg7+ Kxg7 29. g5 Bxd3 30. gxf6+ Kxf6 31. cxd3 Bxc3 32. Bxc3 Ng6 33. f4 Rxd3 34. fxe5+ Ke6 35. Rf1 Rh3+ 36. Kg2 Rdd3 37. Rf6+ Ke7 38. Bb4+ Ke8 39. Rc1 Nh4+ 40. Kg1 Rdg3+ 1/2-1/2

[Event "12th National Schools-ch 2024"]
[Site "Gyan Bhawan Patna"]
[Date "2024.02.07"]
[Round "4.10"]
[White "Adhiraj Mitra"]
[Black "Shadhursshaan R"]
[Result "0-1"]
[ECO "B17"]
[WhiteElo "1549"]
[BlackElo "2058"]
[Annotator "RC"]
[PlyCount "88"]
[EventDate "2024.02.05"]
[EventCountry "IND"]
[SourceTitle "playchess.com"]
[Source "ChessBase"]
[SourceQuality "1"]
[TimeControl "5400+30"]

1. e4 c6 2. d4 d5 3. Nc3 dxe4 4. Nxe4 Nd7 5. Nf3 Ngf6 6. Bd3 Nxe4 7. Bxe4 Nf6 8. Bd3 Bg4 9. c3 e6 10. h3 Bh5 11. O-O Bd6 12. Kh1 Nd7 13. Be2 Bg6 14. Be3 Qc7 15. c4 c5 16. Qd2 O-O 17. Rad1 Rfd8 18. Qc3 Nf6 19. Qb3 Ne4 20. Bd3 cxd4 21. Nxd4 Nc5 22. Nb5 Qc6 23. Bxc5 Bxc5 24. Bxg6 hxg6 25. Nc3 Bb6 26. Qb5 Rxd1 27. Rxd1 Bxf2 28. Qxc6 bxc6 29. Rd6 Bg3 30. Rd7 Be5 31. Na4 Kf8 32. g4 Ke8 33. Rb7 Rb8 34. Rxa7 Bxb2 35. Ra6 Bd4 36. c5 Rb4 37. g5 e5 38. Kg2 e4 39. h4 Rc4 40. Kf1 e3 41. a3 f5 42. gxf6 gxf6 43. Ke2 Rc2+ 44. Kd1 e2+ 0-1